 Dungeon Crawl Stone Soup version 0.15-a0-23-gfd8676b (webtiles) character file.

165481 MrRokkomies the Warrior (level 17, 0/82 HPs)
             Began as a Gargoyle Fighter on Mar 29, 2014.
             Was the Champion of Okawaru.
             Killed from afar by a starcursed mass (14 damage)
             ... with an accursed screaming
             ... while paralysed by a giant eyeball
             ... on Level 1 of the Abyss on Mar 31, 2014.
             The game lasted 03:14:47 (38388 turns).

MrRokkomies the Warrior (Gargoyle Fighter)         Turns: 38388, Time: 03:14:47

HP   0/82        AC 34     Str 17 (18) XL: 17   Next: 55%
MP  20/20        EV  2     Int  4 (5)  God: Okawaru [******]
Gold 1263        SH  0     Dex 10      Spells:  2 memorised, 11 levels left

rFire  + + +     SeeInvis +     h - +6 eveningstar (drain)
rCold  + . .     Rnd*Rage +     C - +3 fire dragon armour
rNeg   + . .     Conserve .     T - +2 shield {rC+ rF+}
rPois  +         rCorr    .     V - +2 helmet of Cowardice {rPois SInv}
rElec  +         rRot     +     m - +2 cloak
SustAb . .       Spirit   .     k - +0 pair of gloves
rMut   .         Warding  .     s - +1 pair of boots {Stlth+}
Saprov . . .     Rnd*Tele +     f - amulet of faith
MR     +....                    E - +0,+6 ring of slaying
                                e - ring of protection from cold

@: paralysed, non-regenerating, somewhat resistant to hostile enchantments,
extremely unstealthy
A: able to fly continuously, large and strong wings, berserk 3, blurry vision 3,
clumsy 2, deformed body, deterioration 3, dopey 2, herbivore 3, fast metabolism
3, frail 3, low mp 3, life protection 1, screaming 3, electricity resistance,
slow healing 3, teleportitis 3, weak 2, unbreathing, petrification resistance,
AC +12
a: Fly, Heroism, Finesse, Renounce Religion
}: 1/15 runes: decaying


You were on level 1 of the Abyss.
You worshipped Okawaru.
Okawaru was exalted by your worship.
You were full.

You visited 5 branches of the dungeon, and saw 33 of its levels.
You visited the Abyss 1 time.
You also visited: Sewer, Bailey and Volcano.

You collected 3646 gold pieces.
You spent 2383 gold pieces at shops.

Inventory:

Hand weapons
 h - a +6,+6 eveningstar of draining (weapon)
 p - a +0 blowgun
 z - a +0,+1 crossbow
Missiles
 n - 36 poisoned needles
 w - 59 bolts
 O - 6 curare-tipped needles
 W - 21 silver bolts
Armour
 k - a +0 pair of gloves (worn)
 m - a +2 cloak (worn)
 s - a +1 pair of boots of stealth (worn)
 C - a +3 fire dragon armour (worn)
 T - a +2 shield of resistance (worn)
 V - the +2 helmet of Cowardice (worn) {rPois SInv}
   (Okawaru gifted it to you on level 3 of the Lair of Beasts)

   It protects you from poison.
   It enhances your eyesight.
Magical devices
 b - a wand of fire (8)
 l - a wand of teleportation (4)
 B - a wand of invisibility (4)
 F - a wand of fireball (6)
 G - a wand of heal wounds (0)
 I - a wand of draining (7)
 Q - a wand of flame (12)
 R - a wand of digging (3)
 X - a wand of disintegration (4)
 Y - a wand of fire (12)
 Z - a wand of teleportation (5)
Comestibles
 c - a chunk of hell hound flesh
 d - 4 bread rations
Scrolls
 a - 7 scrolls of remove curse
 g - a scroll of vulnerability
 j - a scroll of immolation
 y - 2 scrolls of enchant weapon I
 A - a scroll of summoning
 H - 2 scrolls of teleportation
 M - a scroll of torment
 N - a scroll of blinking
Jewellery
 e - a ring of protection from cold (left hand)
 f - an amulet of faith (around neck)
 i - an uncursed ring of protection from fire
 o - an uncursed ring of protection from cold
 v - a cursed ring of protection from magic
 x - an uncursed amulet of clarity
 E - a +0,+6 ring of slaying (right hand)
 J - an uncursed amulet of rage
 L - an uncursed ring of ice
 U - an uncursed amulet of conservation
Potions
 r - 10 potions of curing
 u - 2 potions of berserk rage
 S - a potion of might
Miscellaneous
 t - a fan of gales
Rods
 q - a +0 rod of clouds (10/10)
   (You found it on level 9 of the Dungeon)


   Skills:
 - Level 17.5 Fighting
 - Level 16.0 Maces & Flails
 - Level 10.5 Armour
 - Level 12.0 Dodging
 + Level 14.3 Shields
 - Level 5.0 Invocations
 * Level 10.0 Evocations


You had 11 spell levels left.
You knew the following spells:

 Your Spells              Type           Power        Failure   Level  Hunger
a - Stoneskin             Trmt/Erth      #.........   99%         2    ###....
b - Conjure Flame         Conj/Fire      #.......     100%        3    ####...


Dungeon Overview and Level Annotations

Branches:
Dungeon (15/15) Temple (1/1) D:7 Orc (4/4) D:10 Elf (0/3) Orc:4 Lair (8/8) D:11 Swamp (5/5) Lair:6 Snake (0/5) Lair:6 Slime (0/6) Lair:6 Vaults (0/5) D:13 D:14 Depths (0/5) D:15

Altars:
Ashenzari
Cheibriados
Elyvilon
Kikubaaqudgha
Makhleb
Nemelex Xobeh
Okawaru
Sif Muna
Vehumet
Xom
Yredelemnul
The Shining One
Beogh

Shops:
D:5 *   D:8 *   D:10 *   D:12 [[!=   Orc:3 =   Orc:4 }(((

Annotations:
D:15 Louise


Innate Abilities, Weirdness & Mutations

You are resistant to torment.
You are immune to poison.
You are immune to rotting.
You can fly continuously.
Your stone body is very resilient (AC +12).
Your wings are large and strong.
You resist negative energy.
You are resistant to electric shocks.
You can survive without breathing.
You are immune to petrification.
[You have an uncontrollable temper.]
[Your vision is extremely blurry.]
[You are very clumsy. (Dex -4)]
[Armour fits poorly on your strangely shaped body.]
[Your body is rapidly deteriorating.]
[You are very dopey. (Int -4)]
[You are a herbivore.]
[Your metabolism is lightning-fast.]
[You are extremely frail (-30% HP).]
[Your magical capacity is extremely low (-30% MP).]
[You frequently scream uncontrollably.]
[You do not heal naturally.]
[Space frequently distorts in your vicinity.]
[You are very weak. (Str -4)]


Message History

Evoke which item? (* to show all) (? for menu, Esc to quit)
Okay, then.
Read which item? (? for menu, Esc to quit)
Okay, then.
Drink which item? (? for menu, Esc to quit)
You feel better.
Drink which item? (? for menu, Esc to quit)
You feel better.
A starcursed mass splits.
A starcursed mass splits.
A deafening chorus of shrieks assaults your mind!
* * * LOW HITPOINT WARNING * * *
A starcursed mass splits.
A starcursed mass splits. x2
A cacophony of accursed wailing tears at your sanity!
* * * LOW HITPOINT WARNING * * *
Unknown command.
Drink which item? (? for menu, Esc to quit)
You feel better. The giant eyeball stares at you.
You suddenly lose the ability to move!
A cacophony of accursed wailing tears at your sanity!
You die...

...# ..## #..
#..###..# ##
#.#.##XX.#..
#.###.##.###.
##X.XX......
#XXX..G## G#
#.....##
##..###..#
#@#...#..#
#.### ####
###


You could see 8 starcursed masses and a giant eyeball.

Vanquished Creatures
  Saint Roka (Swamp:4)
  the Lernaean hydra (Swamp:5)
  A tentacled starspawn (Abyss:1)
  2 thorn hunters
  Roxanne (Swamp:1)
  Kirke (Swamp:3)
  An orc warlord (Orc:2)
  3 rakshasas
  Jorgrun (Swamp:3)
  Snorg (Lair:8)
  An ettin (D:15)
  The ghost of Herrn the Thaumaturge, a powerful OpVM of Cheibriados (D:12)
  21 hydras
  Harold (Lair:3)
  Fannar (D:14)
  The ghost of Persuasio the Cleaver, a powerful HuFi of Okawaru (D:11)
  Erica (Lair:1)
  A shambling mangrove (Swamp:3)
  2 fire dragons (Lair:8)
  The ghost of MirrMurr the Covert, a powerful SpEn of Ashenzari (Lair:3)
  A hell hog (Abyss:1)
  6 death yaks
  A tengu warrior (D:15)
  2 centaur warriors
  6 wretched stars (Abyss:1)
  A skeletal warrior (D:13)
  4 unseen horrors
  7 alligators
  2 large abominations (Abyss:1)
  A deep troll (D:15)
  8 swamp dragons
  Erolcha (Orc:1)
  3 orc high priests (Orc:4)
  Pikel (D:7)
  6 orc knights
  A lindwurm (Lair:8)
  8 hill giants
  A griffon (Lair:8)
  3 orc sorcerers (Orc:4)
  4 cyclopes
  A manticore (D:12)
  3 black mambas
  11 elephants
  3 red wasps
  Maurice (Orc:1)
  A feature mimic (D:12)
  2 smoke demons (Abyss:1)
  22 spiny frogs
  5 vapours
  4 fire drakes (Lair:8)
  An ancient zyme (Abyss:1)
  A queen ant (Lair:7)
  5 komodo dragons
  A freezing wraith (D:14)
  2 tengu conjurers (D:15)
  Sonja (D:10)
  A deep elf priest (D:15)
  14 bog bodies
  8 trolls
  6 giant fireflies
  2 two-headed ogres
  A raiju (Abyss:1)
  2 kobold demonologists
  14 slime creatures
  12 blink frogs
  7 ravens
  5 basilisks
  3 thorn lotuses
  2 deep elf magi
  13 giant leeches
  3 redbacks (Lair:6)
  4 starcursed masses (Abyss:1)
  A vampire (Swamp:1)
  44 yaks
  4 spriggans
  6 sharks
  A shadow (Swamp:2)
  A hog (Swamp:3)
  A boulder beetle (Lair:7)
  10 hippogriffs
  3 elephant slugs (Lair:8)
  2 neqoxecs (Abyss:1)
  A wyvern (Lair:8)
  17 humans
  9 vampire mosquitoes
  14 soldier ants
  2 hungry ghosts
  5 steam dragons
  12 ugly things (D:14)
  24 water moccasins
  10 wolves
  3 wargs
  3 small abominations (Abyss:1)
  3 porcupines
  30 swamp worms
  3 phantoms
  39 orc warriors
  2 black bears
  A hell hound (Abyss:1)
  An ice beast (D:9)
  4 sky beasts
  6 ogres
  An orc skeleton (D:13)
  5 giant goldfish
  A mottled dragon (Lair:8)
  2 yellow wasps (Swamp:3)
  12 crocodiles
  5 centaurs
  2 lava worms
  15 giant slugs
  Blork the orc (D:9)
  3 big kobolds
  6 brain worms
  13 giant frogs
  9 scorpions
  20 insubstantial wisps
  16 swamp drakes
  A troll zombie (D:14)
  A cyclops skeleton (D:14)
  A hippogriff zombie (D:9)
  A yak skeleton (Orc:4)
  A hippogriff skeleton (D:5)
  2 crimson imps
  5 electric eels
  6 wights
  3 goliath beetles
  2 eyes of draining
  3 jellies
  11 hounds
  Crazy Yiuf (D:2)
  37 orc priests
  A giant frog zombie (D:11)
  27 orc wizards
  An iron imp (Abyss:1)
  4 orange rats (Lair:2)
  6 big fish
  A giant frog skeleton (D:13)
  6 quasits
  Natasha (thrice) (D:6)
  39 sheep
  12 iguanas
  46 worker ants
  2 big kobold zombies
  A hound skeleton (D:10)
  25 adders
  74 green rats
  2 orc zombies (Orc:4)
  6 gnolls
  A shadow imp (D:8)
  3 giant mites
  An ufetubus (Abyss:1)
  26 worms
  An iguana skeleton (D:4)
  3 giant eyeballs
  7 oozes
  254 orcs
  8 giant cockroaches
  20 hobgoblins
  47 jackals
  27 kobolds
  12 quokkas
  2 ball pythons (Sewer)
  15 bats
  6 giant geckos
  7 giant newts
  2 giant spores
  25 goblins
  A hobgoblin zombie (D:7)
  27 rats
  7 rat skeletons (Orc:4)
  A rat zombie (D:7)
  3 ballistomycetes
  2 briar patches
  A butterfly (Lair:7)
  2 plants (Lair:8)
1487 creatures vanquished.

Vanquished Creatures (others)
  5 bog bodies (Swamp:5)
  A human (Swamp:3)
  A swamp drake (Swamp:5)
  3 slaves
  An insubstantial wisp (Swamp:4)
  An orc (Orc:1)
  A rat skeleton (Orc:4)
  2 briar patches
  8 fungi
  5 plants
  7 starspawn tentacles (Abyss:1)
  12 starspawn tentacle segments (Abyss:1)
47 creatures vanquished.

Grand Total: 1534 creatures vanquished

Notes
Turn   | Place    | Note
--------------------------------------------------------------
     0 | D:1      | MrRokkomies, the Gargoyle Fighter, began the quest for the Orb.
     0 | D:1      | Reached XP level 1. HP: 14/14 MP: 1/1
    52 | D:1      | Reached XP level 2. HP: 17/20 MP: 2/2
   281 | D:1      | Reached XP level 3. HP: 16/24 MP: 3/3
   884 | D:2      | Reached skill level 4 in Fighting
   957 | D:2      | Noticed Crazy Yiuf
   977 | D:2      | Killed Crazy Yiuf
   977 | D:2      | Reached XP level 4. HP: 29/29 MP: 4/4
  1378 | D:2      | Reached XP level 5. HP: 31/34 MP: 5/5
  2051 | D:3      | Reached skill level 5 in Maces & Flails
  2231 | D:4      | Reached XP level 6. HP: 27/40 MP: 6/6
  2508 | D:4      | Reached skill level 5 in Fighting
  2560 | D:4      | Found a sparkling altar of Nemelex Xobeh.
  2635 | D:4      | Found a glowing drain.
  2640 | Sewer    | Entered a sewer
  2983 | Sewer    | Reached skill level 6 in Maces & Flails
  3614 | D:4      | Reached XP level 7. HP: 42/44 MP: 7/7
  3838 | D:5      | Entered Level 5 of the Dungeon
  3862 | D:4      | Reached skill level 7 in Maces & Flails
  4383 | D:5      | Paralysed by a giant eyeball for 2 turns
  4414 | D:5      | Reached skill level 8 in Maces & Flails
  4657 | D:5      | Reached XP level 8. HP: 49/51 MP: 8/8
  4690 | D:5      | Got a jewelled falchion
  4691 | D:5      | Identified the +5,+1 falchion of Success {slice, Contam Str+3 Dex+3} (You found it on level 5 of the Dungeon)
  4760 | D:5      | Gained mutation: You have a slow metabolism. [mutagenic glow]
  4794 | D:5      | Found Hutuasu's Assorted Antiques.
  4799 | D:5      | Bought an ichor-stained chain mail for 285 gold pieces
  4800 | D:5      | Identified the cursed +2 chain mail of the Jabberwock {Dex+4} (You bought it in a shop on level 5 of the Dungeon)
  5140 | D:6      | Reached skill level 9 in Maces & Flails
  5170 | D:6      | Noticed Natasha
  5177 | D:6      | Killed Natasha
  5232 | D:6      | Noticed Natasha
  5238 | D:6      | Killed Natasha
  5292 | D:6      | Got a polished scale mail
  5319 | D:6      | Found a radiant altar of Vehumet.
  5438 | D:6      | Noticed Natasha
  5443 | D:6      | Killed Natasha
  5629 | D:7      | Found a staircase to the Ecumenical Temple.
  5638 | Temple   | Entered the Ecumenical Temple
  5650 | Temple   | Became a worshipper of Warmaster Okawaru
  5694 | D:7      | Reached skill level 10 in Maces & Flails
  6056 | D:7      | Paralysed by a giant eyeball for 2 turns
  6062 | D:7      | Paralysed by a giant eyeball for 4 turns
  6097 | D:8      | Noticed Pikel
  6124 | D:7      | Killed Pikel
  6124 | D:7      | Reached skill level 11 in Maces & Flails
  6124 | D:7      | Reached XP level 9. HP: 33/57 MP: 9/9
  6290 | D:8      | Acquired Okawaru's first power
  6570 | D:8      | Found Wadu's Demolitions Depot.
  6613 | D:8      | Reached skill level 12 in Maces & Flails
  6662 | D:8      | Identified the +3 scale mail "Toiweu" {rN+ SInv} (You found it on level 6 of the Dungeon)
  6982 | D:9      | Noticed Blork the orc
  7002 | D:9      | Killed Blork the orc
  7147 | D:9      | Identified a +0 rod of clouds (10/10) (You found it on level 9 of the Dungeon)
  7157 | D:9      | Reached skill level 13 in Maces & Flails
  7157 | D:9      | Reached XP level 10. HP: 55/64 MP: 10/10
  7434 | D:9      | Found a shattered altar of Ashenzari.
  7440 | D:9      | Saw a vision of the Swamp and the Snake Pit.
  7440 | D:9      | Noticed a black mamba
  7440 | D:9      | Noticed a black mamba
  7440 | D:9      | Noticed a mana viper
  7440 | D:9      | Noticed a black mamba
  7441 | D:9      | Noticed a naga ritualist
  7441 | D:9      | Noticed an alligator
  7442 | D:9      | Noticed an alligator
  7617 | D:10     | Entered Level 10 of the Dungeon
  7913 | D:10     | Found a staircase to the Orcish Mines.
  7996 | D:10     | Reached skill level 5 in Armour
  8041 | D:10     | Paralysed by a giant eyeball for 2 turns
  8045 | D:10     | Paralysed by a giant eyeball for 3 turns
  8448 | D:10     | Found Khasm's General Store.
  8476 | D:10     | Bought a +1 pair of boots of stealth for 198 gold pieces
  8855 | D:10     | Noticed Sonja
  8899 | D:10     | Killed Sonja
  9192 | D:10     | Reached skill level 10 in Fighting
  9241 | D:11     | Noticed Persuasio's ghost (powerful HuFi)
  9268 | D:11     | Found a flagged portal.
  9277 | Bailey   | Entered a bailey
  9821 | Bailey   | Reached XP level 11. HP: 72/72 MP: 11/11
  9989 | Bailey   | Got a pitted bardiche
  9996 | Bailey   | Identified the +10,+3 bardiche "Paseug" {pain, rF+ MR++ Str+3} (You found it in a bailey)
 10005 | Bailey   | Noticed an orc knight
 10055 | Bailey   | Killed an orc knight
 10112 | Bailey   | Identified a scroll of acquirement
 10152 | D:11     | Killed Persuasio's ghost
 10152 | D:11     | Acquired Okawaru's second power
 10744 | D:11     | Found a staircase to the Lair.
 10773 | D:11     | Received a gift from Okawaru
 10780 | D:11     | Got an ebony dagger
 10796 | Lair:1   | Entered Level 1 of the Lair of Beasts
 10970 | D:11     | Reached skill level 10 in Armour
 11003 | D:11     | Noticed an unseen horror
 11013 | D:11     | Killed an unseen horror
 11099 | Lair:1   | Learned a level 2 spell: Stoneskin
 11103 | Lair:1   | Learned a level 3 spell: Conjure Flame
 11913 | Lair:1   | Reached skill level 5 in Shields
 11982 | Lair:1   | Noticed Erica
 12001 | Lair:1   | Killed Erica
 12272 | Lair:1   | Reached XP level 12. HP: 60/82 MP: 12/12
 13086 | Lair:1   | Received a gift from Okawaru
 13145 | Lair:1   | Identified the +8,+7 dagger "Ghau" {antimagic, Contam +Rage rN+ Str-2} (You found it on level 11 of the Dungeon)
 14431 | Lair:1   | Upgraded the game from 0.14-a0-3563-g07d0f32 to 0.15-a0
 14572 | Lair:3   | Noticed a five-headed hydra
 14582 | Lair:3   | Killed a five-headed hydra
 14775 | Lair:3   | Received a gift from Okawaru
 14787 | Lair:3   | Noticed a seven-headed hydra
 14788 | Lair:3   | Noticed Harold
 15000 | Lair:3   | Reached skill level 10 in Shields
 15022 | Lair:3   | Killed a seven-headed hydra
 15022 | Lair:3   | Reached skill level 14 in Fighting
 15022 | Lair:3   | Reached skill level 1 in Dodging
 15053 | Lair:3   | Killed Harold
 15370 | Lair:3   | Noticed MirrMurr's ghost (powerful SpEn)
 15378 | Lair:3   | Killed MirrMurr's ghost
 15454 | Lair:3   | Reached XP level 13. HP: 91/91 MP: 13/13
 15618 | Lair:3   | Received a gift from Okawaru
 15619 | Lair:3   | Got a smoking helmet {god gift}
 15622 | Lair:3   | Identified the +2 helmet of Cowardice {rPois SInv} (Okawaru gifted it to you on level 3 of the Lair of Beasts)
 15998 | Lair:4   | Reached skill level 15 in Fighting
 16360 | Lair:4   | Reached skill level 5 in Dodging
 16944 | Lair:5   | Found a dark tunnel.
 16962 | Volcano  | Entered a volcano
 18062 | Lair:5   | Got an ichor-stained ring mail
 18077 | Lair:5   | Identified the +5 ring mail "Ycirikh" {Str-4 Dex-2} (You found it on level 5 of the Lair of Beasts)
 18238 | Lair:5   | Reached skill level 16 in Fighting
 18327 | Lair:6   | Found a staircase to the Swamp.
 18607 | Lair:6   | Received a gift from Okawaru
 18747 | Lair:6   | Got a bloodstained hand axe
 18792 | Lair:6   | Found a staircase to the Snake Pit.
 18987 | Lair:1   | Identified the +5,+6 hand axe of Distraction {venom, rPois} (You found it on level 6 of the Lair of Beasts)
 19267 | Lair:6   | Found a staircase to the Slime Pits.
 19498 | Lair:7   | Reached skill level 1 in Invocations
 19615 | Lair:7   | Gained mutation: Your wings are large and strong. [gargoyle growth]
 19615 | Lair:7   | Reached XP level 14. HP: 85/100 MP: 16/18
 19719 | Lair:7   | Reached skill level 17 in Fighting
 20321 | Lair:7   | Received a gift from Okawaru
 20705 | Lair:8   | Entered Level 8 of the Lair of Beasts
 21516 | Lair:8   | Reached skill level 5 in Invocations
 21703 | Lair:8   | Noticed Snorg
 21711 | Lair:8   | Reached skill level 1 in Evocations
 21731 | Lair:8   | Killed Snorg
 22402 | Lair:8   | Received a gift from Okawaru
 22403 | Lair:8   | Got a transparent flail {god gift}
 22405 | Lair:8   | Identified the +10,+3 flail of the Warrior {flame, rElec rF+} (Okawaru gifted it to you on level 8 of the Lair of Beasts)
 22772 | Orc:1    | Entered Level 1 of the Orcish Mines
 22774 | Orc:1    | Noticed Erolcha
 23019 | Orc:1    | Killed Erolcha
 24102 | Orc:2    | Found a roughly hewn altar of Beogh.
 24258 | Orc:1    | Noticed Maurice
 24264 | Orc:1    | Killed Maurice
 24606 | Orc:3    | Noticed an orc warlord
 24852 | Orc:2    | Killed an orc warlord
 24937 | Orc:3    | Found Himumatt's Jewellery Boutique.
 24950 | Orc:3    | Bought an uncursed amulet of faith for 400 gold pieces
 25032 | Orc:3    | Reached skill level 15 in Maces & Flails
 25516 | Orc:4    | Entered Level 4 of the Orcish Mines
 25554 | Orc:4    | Found a staircase to the Elven Halls.
 25732 | Orc:4    | Received a gift from Okawaru
 26029 | Orc:4    | Reached XP level 15. HP: 46/107 MP: 23/23
 26033 | Orc:4    | Gained mutation: [Your body is slowly deteriorating.] [a neqoxec]
 26526 | Orc:4    | Found Ashe The's Antique Weapon Shoppe.
 26530 | Orc:4    | Found Crell's Gadget Shop.
 26533 | Orc:4    | Found Tithix's Antique Weapon Shoppe.
 26534 | Orc:4    | Found Khood's Weapon Shop.
 27257 | Swamp:1  | Entered Level 1 of the Swamp
 27642 | Swamp:1  | Noticed Roxanne
 27662 | Swamp:1  | Killed Roxanne
 28300 | Swamp:2  | Received a gift from Okawaru
 28690 | Swamp:2  | Noticed a thorn hunter
 28706 | Swamp:2  | Killed a thorn hunter
 28706 | Swamp:2  | Reached skill level 5 in Evocations
 29425 | Swamp:3  | Reached skill level 10 in Dodging
 29450 | Swamp:3  | Received a gift from Okawaru
 29696 | Swamp:3  | Found a basalt altar of Yredelemnul.
 29716 | Swamp:3  | Noticed Jorgrun
 29725 | Swamp:3  | Noticed Kirke
 29738 | Swamp:3  | Noticed a sphinx
 29827 | Swamp:3  | Killed Kirke
 30177 | Swamp:3  | Killed Jorgrun
 30746 | Swamp:4  | Noticed Saint Roka
 30768 | Swamp:4  | Received a gift from Okawaru
 31240 | Swamp:4  | Killed Saint Roka
 31240 | Swamp:4  | Reached XP level 16. HP: 33/112 MP: 25/25
 32050 | Swamp:4  | Received a gift from Okawaru
 32193 | Swamp:4  | Noticed a thorn hunter
 32209 | Swamp:4  | Killed a thorn hunter
 32913 | Swamp:5  | Entered Level 5 of the Swamp
 33081 | Swamp:5  | Noticed the 27-headed Lernaean hydra
 33477 | Swamp:5  | Killed the 27-headed Lernaean hydra
 33477 | Swamp:5  | Received a gift from Okawaru
 33814 | Swamp:5  | Received a gift from Okawaru
 33853 | Swamp:5  | Got a decaying rune of Zot
 34519 | Lair:1   | Upgraded the game from 0.15-a0 to 0.15-a0-23-gfd8676b
 34557 | D:12     | Found Deetererr's Jewellery Shop.
 34565 | D:12     | Found a labyrinth entrance.
 34574 | D:12     | Bought an uncursed ring of protection from cold for 375 gold pieces
 34574 | D:12     | Bought an uncursed ring of protection from cold for 375 gold pieces
 34574 | D:12     | Bought a cursed ring of protection from magic for 330 gold pieces
 34581 | D:12     | the labyrinth entrance was a mimic.
 34607 | D:12     | Found Usisuadu's Distillery.
 34626 | D:12     | Bought a potion of beneficial mutation for 420 gold pieces
 34627 | D:12     | Gained mutation: You are robust (+10% HP). [potion of beneficial mutation]
 34654 | D:12     | Found Gut Schua's Antique Armour Boutique.
 34789 | D:12     | Got a crude plate armour
 34790 | D:12     | Identified the cursed -5 plate armour of a Thousand Demons {Int+4} (You found it on level 12 of the Dungeon)
 34807 | D:12     | Found Imoonn's Armour Shoppe.
 34928 | D:12     | Noticed Herrn's ghost (powerful OpVM)
 34938 | D:12     | Killed Herrn's ghost
 35353 | D:13     | Lost mutation: You have a slow metabolism. [potion of cure mutation]
 35353 | D:13     | Lost mutation: You are robust (+10% HP). [potion of cure mutation]
 35353 | D:13     | Lost mutation: [Your body is slowly deteriorating.] [potion of cure mutation]
 36030 | D:14     | Found a gate to the Vaults.
 36032 | D:14     | Noticed Fannar
 36116 | D:13     | Reached XP level 17. HP: 99/118 MP: 29/29
 36282 | D:14     | Killed Fannar
 36698 | D:14     | Received a gift from Okawaru
 36711 | D:14     | Found a glowing golden altar of the Shining One.
 37152 | D:15     | Entered Level 15 of the Dungeon
 37486 | D:15     | Found a staircase to the Depths.
 37608 | D:15     | Received a gift from Okawaru
 37655 | D:15     | Noticed Louise
 37659 | D:15     | Cast into the Abyss (Louise)
 37771 | Abyss:1  | Noticed a tentacled monstrosity
 38240 | Abyss:1  | Paralysed by an apocalypse crab for 4 turns
 38267 | Abyss:1  | Reached skill level 10 in Evocations
 38267 | Abyss:1  | HP: 3/106 [wretched star/orb of energy (10)]
 38388 | Abyss:1  | Paralysed by a giant eyeball for 3 turns
 38388 | Abyss:1  | Killed from afar by a starcursed mass

Action                   |  1- 3 |  4- 6 |  7- 9 | 10-12 | 13-15 | 16-18 || total
-------------------------+-------+-------+-------+-------+-------+-------++-------
Melee: Flail             |   146 |   365 |   296 |    26 |    14 |       ||   847
       Unarmed           |       |       |     8 |       |       |     1 ||     9
       Whip              |       |       |   180 |  1291 |   689 |       ||  2160
       Great mace        |       |       |       |    13 |       |       ||    13
       Eveningstar       |       |       |       |       |  1398 |   858 ||  2256
 Fire: Sling             |       |       |    13 |       |       |       ||    13
       Crossbow          |       |       |     1 |    64 |       |       ||    65
       Blowgun           |       |       |       |     5 |    27 |       ||    32
Throw: Dart              |     2 |     4 |     1 |     3 |       |       ||    10
       Javelin           |       |       |       |       |     1 |       ||     1
Invok: Heroism           |       |       |       |     3 |     2 |     1 ||     6
       Finesse           |       |       |       |       |       |     1 ||     1
 Abil: Evoke Flight      |       |       |       |       |     1 |       ||     1
       Fly               |       |       |       |       |     1 |       ||     1
       Stop Flying       |       |       |       |       |     1 |       ||     1
Evoke: Wand              |       |       |     3 |     3 |    12 |    14 ||    32
       Rod               |       |       |       |     1 |     1 |       ||     2
       Deck              |       |       |       |       |     1 |       ||     1
       Fan of gales      |       |       |       |       |     1 |       ||     1
  Use: Scroll            |       |     8 |    10 |    14 |    19 |    20 ||    71
       Potion            |       |       |       |     5 |     9 |    12 ||    26
 Stab: Confused          |       |       |     2 |       |     2 |       ||     4
       Invisible         |       |       |       |       |     3 |       ||     3
       Distracted        |       |       |       |       |     1 |       ||     1
